Map: Chain of Ascension

Players

MattBarry

  • Race: Protoss Protoss
  • League: Gold
  • Spawn Location: 11:00

Alebay

  • Race: Protoss Protoss
  • Spawn Location: 11:00

VOD

Have the link to the VOD?

Description

Time

  • Played on: Jan. 22, 2023, 12:03 a.m.
  • Length: 37:08
Show
View Real Time Build Order
Export as new Build Order

MattBarry Protoss 

Build Orders:  

Get SALT Encoding   

  12  0:04  Probe (Chrono Boost)  
  13  0:19  Pylon  
  13  0:26  Probe (Chrono Boost)  
  14  0:39  Probe (Chrono Boost)  
  15  0:53  Probe (Chrono Boost)  
  16  1:07  Probe (Chrono Boost)  
  17  1:14  Gateway  
  17  1:21  Probe (Chrono Boost)  
  17  1:26  Forge  
  18  1:35  Probe (Chrono Boost)  
  19  1:49  Probe (Chrono Boost)  
  20  2:03  Probe (Chrono Boost)  
  20  2:06  Pylon  
  21  2:10  Assimilator  
  21  2:17  Probe (Chrono Boost)  
  22  2:30  Probe (Chrono Boost)  
  22  2:31  Supplicant x2  
  22  2:32  Assimilator  
  27  2:40  Pylon  
  27  2:44  Probe (Chrono Boost)  
  27  2:47  Pylon  
  28  2:57  Gateway  
  28  3:05  Probe (Chrono Boost)  
  29  3:19  Probe (Chrono Boost)  
  30  3:33  Probe (Chrono Boost)  
  30  3:36  Supplicant x2  
  30  3:39  Protoss Air Weapons Level 1, Protoss Ground Weapons Level 1  
  35  4:07  Supplicant x2  
  35  4:09  Gateway  
  39  4:13  Photon Cannon  
  39  4:49  Cybernetics Core  
  39  4:51  Forge  
  39  4:54  Pylon  
  39  5:12  Supplicant x2  
  39  5:14  Supplicant x2  
  43  6:03  Warp Gate  
  43  6:09  Protoss Shields Level 1  
  43  6:16  Death Council  
  43  6:20  Robotics Facility  
  43  6:23  Pylon  
  43  6:25  Robotics Facility  
  43  7:38  Supplicant x2  
  47  7:50  Pylon  
  47  7:53  Photon Cannon  
  47  7:56  Photon Cannon  
  47  8:10  Vanguard x2  
  55  8:23  Robotics Bay  
  55  8:43  Protoss Air Weapons Level 2, Protoss Ground Weapons Level 2  
  55  8:54  Protoss Shields Level 2  
  55  9:06  Blood Shields  
  55  10:11  Slayer  
  55  10:18  Vanguard  
  61  10:22  Nexus  
  61  10:26  Vanguard  
  65  10:36  Pylon  
  65  10:45  Soul Augmentation  
  65  11:39  Supplicant x2  
  69  11:40  Supplicant x2  
  73  11:58  Probe (Chrono Boost)  
  74  12:04  Probe (Chrono Boost)  
  75  12:15  Probe (Chrono Boost)  
  75  12:18  Probe (Chrono Boost)  
  78  12:31  Probe (Chrono Boost)  
  78  12:32  Probe (Chrono Boost)  
  79  12:46  Probe (Chrono Boost)  
  79  12:48  Probe (Chrono Boost)  
  81  12:52  Vanguard x2  
  79  13:00  Probe (Chrono Boost)  
  90  13:05  Probe (Chrono Boost)  
  91  13:13  Probe (Chrono Boost)  
  93  13:21  Probe (Chrono Boost)  
  93  13:27  Probe (Chrono Boost)  
  94  13:45  Pylon  
  94  13:55  Pylon  
  94  14:03  Pylon  
  94  14:07  Assimilator  
  94  14:10  Vanguard  
  94  14:11  Probe x2 (Chrono Boost)  
  94  14:14  Assimilator  
  94  14:19  Photon Cannon  
  100  14:25  Probe x2 (Chrono Boost)  
  100  14:39  Probe (Chrono Boost)  
  93  14:45  Wraithwalker  
  89  14:51  Wraithwalker  
  101  15:46  Wraithwalker  
  107  16:11  Matter Dispersion  
  107  16:33  Robotics Bay  
  107  16:37  Protoss Ground Weapons Level 3, Protoss Air Weapons Level 3  
  107  17:08  Fusion Mortars  
  107  17:31  Rapid Power Cycling  
  107  17:50  Wraithwalker  
  107  17:55  Supplicant x2  
  117  18:07  Gateway  
  117  18:08  Aerial Tracking  
  117  18:09  Gateway  
  117  18:12  Gateway  
  117  18:15  Gateway  
  117  18:19  Gateway  
  117  18:28  Pylon  
  117  18:30  Pylon  
  117  18:33  Pylon  
  117  18:39  Wraithwalker, Pylon  
  117  18:42  Pylon  
  123  19:07  Probe (Chrono Boost)  
  124  19:18  Wraithwalker  
  130  19:24  Probe (Chrono Boost)  
  130  19:29  Robotics Facility  
  131  19:34  Robotics Facility  
  132  19:41  Wraithwalker, Probe (Chrono Boost)  
  132  19:42  Protoss Ground Armor Level 1, Protoss Air Armor Level 1  
  132  19:58  Probe (Chrono Boost)  
  139  20:33  Wraithwalker  
  139  20:37  Vanguard  
  149  20:43  Supplicant x2  
  149  20:48  Supplicant x2  
  157  21:04  Pylon  
  157  21:07  Pylon  
  157  21:10  Pylon  
  157  21:12  Pylon  
  157  21:15  Wraithwalker, Pylon  
  157  21:18  Pylon  
  163  21:53  Pylon  
  163  22:03  Pylon  
  155  22:21  Protoss Shields Level 3  
  155  22:29  Protoss Ground Armor Level 2, Protoss Air Armor Level 2  
  147  23:45  Wraithwalker x4  
  161  24:32  Supplicant x4  
  161  24:33  Supplicant x8  
  173  25:00  Wraithwalker x2  
  185  25:18  Vanguard x2  
  187  26:13  Vanguard x2  
  170  27:28  Wraithwalker x3  
  170  27:29  Wraithwalker  
  174  28:37  Probe (Chrono Boost)  
  175  28:43  Wraithwalker x3  
  175  28:44  Wraithwalker  
  199  28:51  Probe (Chrono Boost)  
  200  29:32  Photon Cannon  
  200  29:34  Photon Cannon  
  200  29:36  Photon Cannon  
  200  29:37  Photon Cannon  
  200  29:41  Photon Cannon  
  200  29:44  Photon Cannon  
  200  29:45  Photon Cannon  
  200  29:48  Photon Cannon  
  200  29:51  Photon Cannon  
  200  29:53  Photon Cannon  
  200  29:54  Photon Cannon  
  200  29:57  Photon Cannon  
  200  29:59  Photon Cannon  
  200  30:02  Photon Cannon  
  200  30:06  Photon Cannon  
  200  30:58  Photon Cannon  
  200  31:15  Photon Cannon  
  87  33:35  Vanguard x3  
  87  33:36  Vanguard  
  81  34:18  Supplicant x2  
  81  34:19  Supplicant x4  
  93  34:30  Vanguard x3  
  93  34:31  Vanguard  
  99  35:25  Vanguard x2  
  89  35:49  Supplicant x4  
  95  35:50  Supplicant x2  
  95  35:51  Supplicant x2  
Show
View Real Time Build Order
Export as new Build Order

Alebay Protoss 

Build Orders:  

Get SALT Encoding   

  12  0:02  Probe (Chrono Boost)  
  13  0:16  Probe (Chrono Boost)  
  14  0:26  Pylon  
  14  0:30  Probe (Chrono Boost)  
  15  0:51  Probe (Chrono Boost)  
  15  0:52  Gateway  
  15  0:55  Forge  
  16  1:04  Probe (Chrono Boost)  
  16  1:08  Assimilator  
  17  1:17  Probe (Chrono Boost)  
  18  1:29  Pylon  
  18  1:30  Probe (Chrono Boost)  
  19  1:43  Probe (Chrono Boost)  
  20  1:54  Pylon  
  20  1:56  Probe (Chrono Boost)  
  21  2:02  Legionnaire  
  21  2:09  Probe (Chrono Boost)  
  25  2:12  Kaldalis' A.I. Personality  
  25  2:22  Probe (Chrono Boost)  
  25  2:29  Gateway  
  26  2:33  Cybernetics Core  
  26  2:36  Probe (Chrono Boost)  
  27  2:47  Assimilator  
  27  2:51  Probe (Chrono Boost)  
  27  2:59  Legionnaire  
  31  3:06  Probe (Chrono Boost)  
  32  3:13  Pylon  
  32  3:15  Warp Gate  
  33  3:21  Probe (Chrono Boost)  
  33  3:22  Purifier Armaments  
  33  3:30  Adept  
  38  4:15  Protoss Ground Weapons Level 1  
  35  4:34  Adept x2  
  39  4:50  Twilight Council  
  39  4:52  Gateway  
  39  5:07  Pylon  
  39  5:10  Pylon  
  39  5:11  Legionnaire  
  39  5:12  Legionnaire  
  39  5:14  Pylon  
  45  5:24  Talis' A.I. Personality  
  45  5:39  Legionnaire  
  39  6:04  Adept x2  
  43  6:15  Psionic Projection  
  43  6:24  Legionnaire  
  43  6:29  Adept x2  
  50  6:38  Pylon  
  44  7:00  Adept  
  44  7:01  Adept x2  
  44  7:09  Protoss Ground Armor Level 1  
  45  7:22  Charge  
  45  7:27  Adept x2  
  49  7:41  Legionnaire  
  50  8:22  Legionnaire x2, Empowered Blades  
  57  9:10  Probe (Chrono Boost)  
  57  9:17  Adept  
  59  9:21  Nexus  
  59  9:22  Debilitation System  
  59  9:29  Adept  
  61  9:35  Observation Protocol  
  61  9:56  Pylon  
  61  9:59  Pylon  
  61  10:02  Adept  
  63  10:17  Adept  
  65  10:25  Protoss Ground Armor Level 2, Probe (Chrono Boost)  
  67  10:42  Probe (Chrono Boost)  
  67  10:43  Robotics Facility  
  67  10:45  Robotics Facility  
  67  10:50  Robotics Bay  
  67  11:00  Assimilator  
  67  11:02  Probe (Chrono Boost)  
  67  11:03  Probe (Chrono Boost)  
  69  11:22  Probe x2 (Chrono Boost)  
  71  11:33  Adept x2  
  75  11:46  Adept  
  77  11:51  Probe x2 (Chrono Boost)  
  79  12:04  Probe x2 (Chrono Boost)  
  81  12:12  Adept x2  
  81  12:13  Adept  
  84  12:21  Extended Thermal Lance  
  84  12:28  Taldarin's A.I. Personality  
  84  12:34  Probe (Chrono Boost)  
  84  12:35  Probe (Chrono Boost)  
  86  12:47  Probe (Chrono Boost)  
  86  12:49  Probe (Chrono Boost)  
  85  12:58  Assimilator  
  85  12:59  Protoss Shields Level 1  
  85  13:00  Probe (Chrono Boost)  
  85  13:02  Probe (Chrono Boost)  
  85  13:08  Immortal  
  91  13:13  Probe (Chrono Boost)  
  91  13:14  Immortal  
  91  13:15  Probe (Chrono Boost)  
  97  13:24  Pylon  
  97  13:27  Pylon  
  97  13:28  Warbringer's A.I. Personality  
  97  13:37  Probe (Chrono Boost)  
  98  13:55  Probe (Chrono Boost)  
  99  14:03  Immortal  
  99  14:05  Adept x2  
  99  14:09  Immortal  
  111  14:11  Pylon  
  111  14:22  Pylon  
  111  14:26  Pylon  
  111  14:47  Legionnaire x3  
  120  14:57  Protoss Ground Weapons Level 2  
  101  15:24  Adept  
  101  15:25  Legionnaire, Adept  
  108  15:50  Colossus  
  108  15:51  Legionnaire x2  
  108  15:52  Legionnaire  
  117  16:07  Colossus  
  129  16:12  Gravimetric Overload  
  129  16:31  Legionnaire x2  
  129  16:32  Legionnaire  
  138  17:02  Pylon, Colossus  
  138  17:05  Pylon  
  138  17:09  Pylon  
  138  17:14  Pylon  
  138  17:15  Protoss Ground Armor Level 3  
  138  17:17  Pylon  
  138  17:27  Colossus  
  144  17:40  Legionnaire x2  
  144  17:42  Purification Blast  
  144  17:45  Legionnaire  
  109  18:00  Colossus  
  153  18:08  Adept  
  153  18:09  Adept x2  
  165  18:42  Colossus  
  171  18:54  Legionnaire x3  
  180  19:04  Pylon  
  180  19:07  Pylon  
  180  20:04  Protoss Ground Weapons Level 3  
  180  20:15  Adept x3  
  180  20:23  Immortal  
  171  20:36  Immortal  
  171  20:39  Adept x2  
  183  20:40  Adept  
  183  20:48  Gateway  
  173  20:50  Gateway  
  173  20:52  Gateway  
  173  20:55  Gateway  
  170  21:14  Immortal  
  170  21:21  Legionnaire x3  
  183  21:31  Immortal  
  148  22:02  Legionnaire x2  
  148  22:03  Legionnaire  
  155  22:40  Adept x5  
  155  22:41  Adept x2  
  155  22:48  Colossus  
  169  22:59  Protoss Shields Level 2  
  169  23:05  Colossus  
  181  23:13  Legionnaire x4  
  181  23:14  Legionnaire  
  196  23:22  Pylon  
  193  24:22  Adept  
  193  24:23  Adept x2  
  192  25:34  Adept x4  
  200  28:11  Photon Cannon  
  200  28:13  Photon Cannon  
  200  28:14  Photon Cannon  
  200  28:17  Photon Cannon  
  200  28:19  Photon Cannon  
  200  28:23  Photon Cannon  
  200  28:26  Photon Cannon  
  200  28:28  Photon Cannon  
  200  28:30  Photon Cannon  
  200  28:32  Photon Cannon  
  200  28:34  Photon Cannon  
  200  28:37  Photon Cannon  
  200  28:39  Photon Cannon  
  200  28:42  Photon Cannon  
  200  28:44  Photon Cannon  
  200  28:46  Photon Cannon  
  200  28:48  Photon Cannon  
  200  28:50  Photon Cannon  
  200  28:52  Photon Cannon  
  200  28:54  Photon Cannon x2  
  200  28:56  Photon Cannon  
  200  28:59  Photon Cannon  
  200  29:01  Photon Cannon  
  200  29:10  Photon Cannon  
  200  29:12  Photon Cannon  
  200  29:14  Photon Cannon  
  200  29:15  Photon Cannon  
  200  29:17  Photon Cannon  
  200  29:26  Photon Cannon  
  200  29:29  Photon Cannon  
  200  29:31  Photon Cannon  
  200  29:33  Photon Cannon  
  200  29:35  Photon Cannon  
  200  29:36  Photon Cannon  
  200  29:39  Photon Cannon  
  200  29:40  Photon Cannon  
  200  29:42  Photon Cannon  
  200  29:44  Photon Cannon  
  200  29:47  Photon Cannon  
  200  29:48  Photon Cannon  
  200  29:49  Photon Cannon  
  196  29:51  Photon Cannon x2  
  196  29:54  Photon Cannon  
  196  29:57  Photon Cannon  
  196  29:58  Photon Cannon  
  196  29:59  Photon Cannon  
  179  30:26  Photon Cannon  
  179  30:28  Photon Cannon  
  174  30:30  Photon Cannon  
  174  30:32  Photon Cannon  
  174  30:33  Photon Cannon  
  174  30:34  Photon Cannon  
  172  30:50  Legionnaire x2  
  172  30:51  Legionnaire  
  156  34:15  Adept x2  
  156  34:16  Adept x5  
  134  34:59  Adept x3  
  138  35:00  Adept  
  138  35:09  Cybernetics Core  
  135  35:13  Cybernetics Core  
  135  35:17  Robotics Facility  
  126  35:21  Robotics Facility  
  117  35:31  Robotics Facility  
  114  36:01  Adept x4  
  114  36:02  Adept x2  
Tags
 
Commander
AlarakFenix
League
Gold
Matchup
Co-op
Replay Pack
Multiplayer
Add a new tag
Caveats
  • Supply blocks, unpowered buildings, or Contaminate may cause inaccurate times.
  • Supply counts are checked every 10 seconds.